 Dungeon Crawl Stone Soup version 0.32-a0-131-g9dbbe29261 (webtiles) character file.

Game seed: 2731356696862647236

72 PriceMaster the Gusty (level 3, -8/40 HPs)
             Began as a Demigod Air Elementalist on Feb 9, 2024.
             Mangled by a gnoll
             ... wielding a +0 flail
              (11 damage)
             ... on level 2 of the Dungeon.
             The game lasted 00:03:27 (1877 turns).

PriceMaster the Gusty (Demigod Air Elementalist)    Turns: 1877, Time: 00:03:27

Health: -8/40      AC:  3    Str: 13    XL:     3   Next: 82%
Magic:  1/9        EV: 17    Int: 17    God:
Gold:   100        SH:  0    Dex: 20    Spells: 0/6 levels left

rFire   . . .        e - staff of air
rCold   . . .        (no shield)
rNeg    . . .        a - +0 robe
rPois   .            (no helmet)
rElec   +            (no cloak)
rCorr   .            k - +0 pair of gloves
SInv    .            (no boots)
Will    .....        (no amulet) Stlth
                     j - +5 ring of evasion
HPRegen 0.26/turn    n - +6 ring of dexterity
MPRegen 0.11/turn

%: no passive effects
@: berserking, swift, very quick
A: high MP 1, forlorn, divine attributes
a: no special abilities


You were on level 2 of the Dungeon.
You visited 1 branch of the dungeon, and saw 2 of its levels.

You collected 100 gold pieces.

Inventory:

Hand Weapons
 c - a +0 dagger
Armour
 a - a +0 robe (worn)
 k - a +0 pair of gloves (worn)
Magical Staves
 e - a staff of air (weapon)
Jewellery
 j - a +5 ring of evasion (left hand)
 n - a +6 ring of dexterity (right hand)
 o - a ring of ice
Scrolls
 d - 2 scrolls of identify {unknown}
 f - a scroll of noise {unknown}
 i - 2 scrolls of torment {unknown}
 m - 2 scrolls of amnesia {unknown}
 q - a scroll of vulnerability {unknown}
Potions
 b - a potion of magic
 h - a potion of degeneration {unknown}
 l - a potion of heal wounds {unknown}
 p - a potion of attraction {unknown}
 r - a potion of might {unknown}


   Skills:
 + Level 0.8 Fighting
 - Level 0.3 Short Blades
 + Level 0.4 Staves
 + Level 2.0 Dodging
 + Level 2.2 Stealth
 + Level 2.2 Spellcasting
 + Level 1.3 Conjurations
 + Level 3.2 Air Magic


You couldn't memorise any spells.
You knew the following spells:

 Your Spells              Type           Power      Damage    Failure   Level
a - Shock                 Conj/Air       56%        1d6       8%          1
b - Static Discharge      Conj/Air       28%        3-5/arc   11%         2
c - Swiftness             Air            19%        N/A       16%         3

Your spell library contained the following spells:

 Spells                   Type           Power      Damage    Failure   Level
 Magic Dart               Conj           24%        1d4       11%         1
 Cigotuvi's Dreadful Rot  Necr/Alch/Air  16%        N/A       19%         2
 Blink                    Tloc           2%         N/A       28%         2
 Call Imp                 Summ           2%         N/A       28%         2
 Airstrike                Air            9%         2d(2-18)  45%         4
 Tukima's Dance           Hex            1%         N/A       50%         3
 Iskenderun's Mystic Bla  Conj/Tloc      4%         2d3       82%         4
 Dimensional Bullseye     Hex/Tloc       0%         N/A       88%         4
 Ignite Poison            Fire/Alch      1%         N/A       88%         4
 Freezing Cloud           Conj/Ice/Air   5%         6-21      95%         5


Dungeon Overview and Level Annotations

Branches:
Dungeon (2/15)

Shops:
D:2 =

Annotations:
D:2 1 runed translucent door, Crazy Yiuf


Innate Abilities, Weirdness & Mutations

You have an increased reservoir of magic. (+10% MP)
You shall have no god before yourself.
Your divine heritage dramatically boosts your attributes as you level up.


Message History

The gnoll is severely wounded.
The zap misses the gnoll.
Casting: Shock (safe; 8% risk of failure)
Confirm with . or Enter, or press ? or * to list all spells.
Aiming: Shock (safe; 8% risk of failure)
Press: ? - help, Shift-Dir - straight line, f/p - gnoll
Aim: a gnoll, wielding a +0 halberd (75% to hit)
You feel a surge of power!
The zap hits the gnoll.
The gnoll is almost dead.
The zap hits the gnoll.
The gnoll is severely wounded.
The zap hits the gnoll.
The gnoll is lightly wounded.
Casting: Shock (safe; 8% risk of failure)
Confirm with . or Enter, or press ? or * to list all spells.
Aiming: Shock (safe; 8% risk of failure)
Press: ? - help, Shift-Dir - straight line, f/p - gnoll
Aim: a gnoll, wielding a +0 halberd (lightly wounded, 75% to hit)
You feel a surge of power!
The zap hits the gnoll.
You kill the gnoll!
The zap hits the gnoll.
The gnoll is almost dead.
The zap hits the gnoll.
The gnoll is heavily wounded.
You barely miss the gnoll.
The gnoll is almost dead.
The gnoll hits you with a +0 flail! The gnoll barely misses you.
Unknown command.
You closely miss the gnoll.
The gnoll is almost dead.
A gnoll comes into view. It is wielding a +0 club.
The gnoll closely misses you.
The gnoll hits you from afar with a +0 halberd!
Ouch! That really hurt!
* * * LOW HITPOINT WARNING * * *
It was a potion of berserk rage.
A red film seems to cover your vision as you go berserk!
You feel yourself moving faster!
You feel mighty! The gnoll hits you with a +0 flail!
You die...

.#P..#
#......##.######.#######
##..P# ####.####.........#
#PP.#####....##.........#
##P..#...................#
.#####........##.........#
............###########.##
÷...........###..# #.#
.................# # #.#
............####@# .# #.#
............# #g#..# #.#
##..........# #g#..# #.#
.#.########## #.#P.# #.#
##### #.#b.# #∩# .....
#.#..# #.# ...P. .g#.P#
#.# .P.P. ..#P.###.# ####.
).#..#...#


You could see 3 gnolls.

Vanquished Creatures
  Terence (D:2)
  A gnoll (D:2)
  A ribbon worm (D:2)
  2 endoplasms
  2 giant cockroaches (D:1)
  3 goblins
  2 hobgoblins (D:2)
  5 jackals
  2 kobolds
  3 quokkas (D:1)
  2 ball pythons (D:1)
  4 bats (D:1)
  4 frilled lizards
  3 rats
35 creatures vanquished.

Notes
Turn   | Place    | Note
-------+----------+-------------------------------------------
     0 | D:1      | PriceMaster the Demigod Air Elementalist began the quest
                  | for the Orb.
     0 | D:1      | Reached XP level 1. HP: 14/14 MP: 5/5
   242 | D:1      | Reached XP level 2. HP: 11/20 MP: 0/7
   537 | D:1      | Reached skill level 3 in Air Magic
   540 | D:1      | Learned a level 2 spell: Static Discharge
   960 | D:2      | Found Axtoqaul's Jewellery Emporium.
   998 | D:2      | Found a runed translucent door.
   999 | D:2      | Noticed Crazy Yiuf
  1392 | D:2      | Reached skill level 1 in Conjurations
  1406 | D:2      | Reached XP level 3. HP: 23/27 MP: 0/8
  1690 | D:2      | Noticed Terence
  1695 | D:2      | Learned a level 3 spell: Swiftness
  1715 | D:2      | Killed Terence
  1877 | D:2      | Mangled by a gnoll

Illustrated notes

Levels and vault maps discovered:
D:1:      lemuel_arrival_cross, layout_basic, minmay_pentomino_o4
D:2:      layout_basic, serial_shops, shop,
          shapermc_ecumenical_altar_mp_urbaneastern, serial_aquarium,
          aquarium_bridge_long_separate [aquarium_subvault_balcony,
          aquarium_subvault_bridge, aquarium_subvault_window,
          aquarium_subvault_wall, aquarium_subvault_window,
          aquarium_subvault_bridge], aquarium_bridge_straight
          [aquarium_subvault_bridge, aquarium_subvault_balcony,
          aquarium_subvault_bridge, aquarium_subvault_window],
          aquarium_window_2, aquarium_window_3, aquarium_view_4,
          aquarium_view_2d, aquarium_pool_1, uniq_crazy_yiuf_cottage,
          uniq_terence

Skill      XL: |  1  2 |
---------------+-------+-----
Stealth        | 2 |  2.2
Spellcasting   | 2 |  2.2
Dodging        | 2 |  2.0
Air Magic      | 3 |  3.2
Conjurations   | 1 |  1.3
Fighting       | |  0.8
Short Blades   | |  0.3
Staves         | |  0.4

Action                     || total
---------------------------++-------
  Melee: Dagger            ||    14
         Unarmed           ||     5
         Staff             ||    38
         Punch             ||     2
   Cast: Shock             ||    56
         Static Discharge  ||     6
         Swiftness         ||     2
    Use: Potion            ||     1
   Stab: Sleeping          ||     1
 Armour: Robe              ||    42
  Dodge: Dodged            ||    65

Table legend: (Time is in decaauts)
 A = Elapsed time spent in this place.
 B = Non-inter-level travel time spent in this place.
 C = Inter-level travel time spent in this place.
 D = Time resting spent in this place.
 E = Time spent auto-exploring this place.
 F = Levels seen in this place.
 G = Mean time per level.
                   A        B        C        D        E       F      G
               +--------+--------+--------+--------+--------+-----+--------+
         Total |   1883 |   1873 |     10 |     50 |   1530 |   2 |  941.5 |
       Dungeon |   1883 |   1873 |     10 |     50 |   1530 |   2 |  941.5 |
               +--------+--------+--------+--------+--------+-----+--------+

Top non-repeatable levels by time:
     D:2: 964 daAuts
     D:1: 918 daAuts
